[ AOE2 MATCH · #505146208 ]
UnrankedMaya vs Poles
Player's team · WIN
Rival team · LOSS
[ REPLAY ANALYSIS · EXTRACTED FROM THE RECORDED GAME ]
Feudal
11:12
Castle
20:49
Imperial
37:33
| APM avg | 52.7 |
| APM peak | 84 |
| eAPM avg | 27.5 |
| Villagers / military | 265 / 689 |
Focus
⚔️ 48.9% · 🌾 51.1%
Spearman ×360 · Eagle Scout ×225 · Plumed Archer ×82 · Trebuchet (Packed) ×9 · Skirmisher ×6 · Militia ×4
Feudal
9:59
Castle
21:56
Imperial
37:36
| APM avg | 40.2 |
| APM peak | 106 |
| eAPM avg | 21.5 |
| Villagers / military | 282 / 583 |
Focus
⚔️ 39.7% · 🌾 60.3%
Scout Cavalry ×361 · Archer ×95 · Skirmisher ×59 · Obuch ×22 · Knight ×17 · Trebuchet (Packed) ×12
Match map
Initial resources + every placement click. Lines = walls · curves = elevation contours. ◆ gold · ⬟ stone · ● berries · ✦ relic · ◌ wall gap
Your base· ✓ Closed at 20:49 · 46t walls · no gate
cornonjakobe's base· Open — opponent sealed themselves in
Smoothed initial terrain · ◌ = detected wall gap · hover for details
Inputs per minute
— chandu champion - - cornonjakobe
Build order — chandu champion
First 150 of 1137 actions detected
| 0:00 | Create | Villager (Male) |
| 0:01 | Create | Villager (Male) |
| 0:01 | Create | Villager (Male) |
| 0:02 | Build | House |
| 0:03 | Build | House |
| 0:06 | Research | Loom |
| 0:10 | Create | Villager (Male) |
| 0:24 | Create | Villager (Male) |
| 0:24 | Create | Villager (Male) |
| 0:24 | Create | Villager (Male) |
| 1:28 | Create | Villager (Male) |
| 2:04 | Create | Villager (Male) |
| 2:04 | Create | Villager (Male) |
| 2:31 | Build | Lumber Camp |
| 2:59 | Create | Villager (Male) |
| 2:59 | Create | Villager (Male) |
| 3:00 | Create | Villager (Male) |
| 3:27 | Create | Villager (Male) |
| 3:54 | Build | House |
| 4:02 | Create | Villager (Male) |
| 4:31 | Create | Villager (Male) |
| 4:31 | Create | Villager (Male) |
| 4:48 | Build | Barracks |
| 5:08 | Create | Villager (Male) |
| 5:27 | Build | House |
| 5:36 | Create | Villager (Male) |
| 5:45 | Create | Villager (Male) |
| 5:49 | Create | Militia |
| 5:51 | Build | House |
| 6:04 | Create | Villager (Male) |
| 6:11 | Create | Militia |
| 6:34 | Create | Militia |
| 6:43 | Build | Mill |
| 6:48 | Create | Villager (Male) |
| 7:13 | Create | Villager (Male) |
| 7:24 | Build | House |
| 7:36 | Create | Villager (Male) |
| 7:37 | Create | Villager (Male) |
| 8:08 | Create | Villager (Male) |
| 8:21 | Build | House |
| 8:40 | Build | Mining Camp |
| 9:02 | Research | Feudal Age |
| 10:02 | Build | Mill |
| 10:18 | Build | House |
| 10:26 | Create | Villager (Male) |
| 10:36 | Build | Palisade Wall |
| 10:38 | Build | Palisade Wall |
| 11:07 | Build | Farm |
| 11:09 | Build | Farm |
| 11:12 | Age | Feudal Age |
| 11:16 | Create | Eagle Scout |
| 11:18 | Create | Eagle Scout |
| 11:19 | Create | Villager (Male) |
| 11:21 | Research | Double-Bit Axe |
| 11:24 | Build | Palisade Wall |
| 11:29 | Build | Farm |
| 11:39 | Create | Villager (Male) |
| 11:43 | Build | Palisade Wall |
| 11:51 | Research | Horse Collar |
| 12:09 | Build | Palisade Wall |
| 12:14 | Create | Villager (Male) |
| 12:17 | Build | House |
| 12:20 | Build | Palisade Wall |
| 12:24 | Create | Villager (Male) |
| 12:45 | Create | Militia |
| 12:53 | Build | Palisade Wall |
| 13:01 | Build | Palisade Wall |
| 13:16 | Create | Villager (Male) |
| 13:30 | Build | Archery Range |
| 13:37 | Create | Villager (Male) |
| 13:47 | Build | Farm |
| 14:05 | Create | Skirmisher |
| 14:08 | Build | House |
| 14:12 | Create | Villager (Male) |
| 14:17 | Research | Wheelbarrow |
| 14:25 | Build | Farm |
| 14:39 | Create | Skirmisher |
| 14:43 | Create | Villager (Male) |
| 14:52 | Create | Skirmisher |
| 14:54 | Create | Villager (Male) |
| 15:04 | Build | Farm |
| 15:35 | Create | Skirmisher |
| 15:54 | Create | Villager (Male) |
| 15:57 | Build | Blacksmith |
| 15:59 | Create | Skirmisher |
| 16:04 | Build | Palisade Wall |
| 16:06 | Build | Palisade Wall |
| 16:21 | Build | Farm |
| 16:25 | Create | Skirmisher |
| 16:51 | Create | Villager (Male) |
| 16:55 | Research | Fletching |
| 16:56 | Create | Villager (Male) |
| 17:04 | Build | House |
| 17:11 | Build | Farm |
| 17:19 | Build | Farm |
| 17:26 | Build | House |
| 17:37 | Build | Farm |
| 17:44 | Create | Archer |
| 17:52 | Create | Villager (Male) |
| 17:59 | Build | Farm |
| 18:05 | Build | Farm |
| 18:09 | Research | Castle Age |
| 18:11 | Create | Eagle Scout |
| 18:25 | Build | Barracks |
| 18:34 | Build | Farm |
| 18:48 | Create | Eagle Scout |
| 18:53 | Build | Farm |
| 19:01 | Research | Scale Mail Armor |
| 19:03 | Create | Eagle Scout |
| 19:24 | Build | Barracks |
| 19:29 | Create | Eagle Scout |
| 19:52 | Create | Eagle Scout |
| 19:59 | Create | Villager (Male) |
| 20:01 | Research | Gold Mining |
| 20:10 | Create | Eagle Scout |
| 20:30 | Create | Eagle Scout |
| 20:47 | Create | Eagle Scout |
| 20:49 | Age | Castle Age |
| 20:52 | Research | Eagle Warrior (upgrade) |
| 20:53 | Create | Villager (Male) |
| 21:10 | Build | Town Center |
| 21:17 | Research | Squires |
| 21:18 | Create | Villager (Male) |
| 21:28 | Create | Eagle Scout |
| 21:28 | Create | Eagle Scout |
| 21:49 | Create | Eagle Scout |
| 21:49 | Create | Eagle Scout |
| 21:50 | Create | Villager (Male) |
| 21:55 | Build | Town Center |
| 22:07 | Create | Eagle Scout |
| 22:07 | Create | Eagle Scout |
| 22:14 | Build | Farm |
| 22:15 | Build | Farm |
| 22:16 | Build | Farm |
| 22:17 | Build | Farm |
| 22:18 | Build | Farm |
| 22:21 | Create | Villager (Male) |
| 22:31 | Create | Eagle Scout |
| 22:32 | Create | Eagle Scout |
| 23:02 | Create | Villager (Male) |
| 23:05 | Build | House |
| 23:05 | Build | House |
| 23:07 | Build | House |
| 23:17 | Research | Forging |
| 23:26 | Create | Villager (Male) |
| 23:27 | Create | Eagle Scout |
| 23:36 | Create | Eagle Scout |
| 23:38 | Create | Villager (Male) |
| 23:40 | Build | Farm |
| 23:42 | Build | House |
Build order — cornonjakobe
First 150 of 728 actions detected
| 0:01 | Create | Villager (Male) |
| 0:02 | Build | House |
| 0:04 | Build | House |
| 0:22 | Create | Villager (Male) |
| 0:22 | Create | Villager (Male) |
| 0:22 | Create | Villager (Male) |
| 1:30 | Create | Villager (Male) |
| 1:45 | Build | Lumber Camp |
| 2:00 | Create | Villager (Male) |
| 2:34 | Create | Villager (Male) |
| 2:53 | Create | Villager (Male) |
| 3:07 | Create | Villager (Male) |
| 3:29 | Build | House |
| 3:44 | Create | Villager (Male) |
| 4:13 | Build | Mill |
| 4:17 | Create | Villager (Male) |
| 4:35 | Create | Villager (Male) |
| 4:55 | Build | House |
| 5:19 | Research | Loom |
| 5:26 | Create | Villager (Male) |
| 6:04 | Create | Villager (Male) |
| 6:10 | Create | Villager (Male) |
| 6:18 | Create | Villager (Male) |
| 7:17 | Create | Villager (Male) |
| 7:32 | Build | Mining Camp |
| 7:39 | Research | Feudal Age |
| 8:32 | Build | House |
| 8:46 | Build | Barracks |
| 9:05 | Create | Villager (Male) |
| 9:50 | Build | Mill |
| 9:59 | Age | Feudal Age |
| 10:24 | Build | Archery Range |
| 10:26 | Create | Villager (Male) |
| 10:40 | Create | Villager (Male) |
| 10:44 | Build | Farm |
| 10:54 | Build | Palisade Wall |
| 10:57 | Build | Palisade Wall |
| 10:59 | Build | Palisade Wall |
| 11:06 | Create | Villager (Male) |
| 11:09 | Create | Villager (Male) |
| 11:11 | Create | Archer |
| 11:23 | Build | Farm |
| 11:27 | Build | Palisade Wall |
| 11:29 | Build | Palisade Wall |
| 11:34 | Build | House |
| 11:39 | Create | Villager (Male) |
| 11:44 | Create | Archer |
| 11:46 | Build | Farm |
| 11:47 | Research | Horse Collar |
| 11:53 | Research | Double-Bit Axe |
| 11:59 | Build | Farm |
| 12:07 | Create | Archer |
| 12:08 | Create | Villager (Male) |
| 12:21 | Create | Villager (Male) |
| 12:39 | Build | Farm |
| 12:43 | Build | Farm |
| 12:44 | Create | Archer |
| 12:48 | Create | Villager (Male) |
| 12:54 | Build | Blacksmith |
| 12:59 | Create | Archer |
| 13:08 | Create | Villager (Male) |
| 13:11 | Build | Farm |
| 13:37 | Create | Archer |
| 13:37 | Create | Villager (Male) |
| 13:50 | Research | Fletching |
| 13:57 | Build | Stable |
| 14:02 | Create | Villager (Male) |
| 14:05 | Create | Archer |
| 14:25 | Create | Villager (Male) |
| 14:37 | Build | Mill |
| 14:41 | Build | Farm |
| 14:43 | Build | Farm |
| 14:45 | Create | Villager (Male) |
| 15:00 | Build | House |
| 15:03 | Create | Scout Cavalry |
| 15:10 | Create | Archer |
| 15:29 | Create | Villager (Male) |
| 15:37 | Create | Villager (Male) |
| 15:44 | Create | Archer |
| 15:51 | Build | Farm |
| 15:53 | Build | Farm |
| 15:55 | Create | Villager (Male) |
| 16:06 | Create | Archer |
| 16:07 | Create | Villager (Male) |
| 16:14 | Build | House |
| 16:15 | Build | House |
| 16:23 | Create | Scout Cavalry |
| 16:32 | Create | Villager (Male) |
| 16:43 | Create | Archer |
| 16:46 | Create | Scout Cavalry |
| 16:52 | Build | Farm |
| 16:59 | Create | Villager (Male) |
| 17:04 | Build | Farm |
| 17:22 | Create | Villager (Male) |
| 17:27 | Build | Lumber Camp |
| 17:35 | Build | Farm |
| 17:38 | Build | Farm |
| 18:00 | Build | Market |
| 18:01 | Build | House |
| 18:03 | Build | Palisade Wall |
| 18:21 | Build | House |
| 18:23 | Build | Palisade Wall |
| 18:25 | Create | Villager (Male) |
| 18:34 | Build | Farm |
| 18:35 | Build | Farm |
| 18:38 | Build | Farm |
| 18:51 | Create | Villager (Male) |
| 18:58 | Build | House |
| 19:01 | Build | Palisade Wall |
| 19:10 | Research | Castle Age |
| 19:18 | Create | Scout Cavalry |
| 20:03 | Create | Villager (Male) |
| 20:04 | Create | Scout Cavalry |
| 20:33 | Create | Villager (Male) |
| 20:43 | Build | House |
| 20:44 | Build | Palisade Wall |
| 20:46 | Create | Scout Cavalry |
| 21:02 | Research | Bloodlines |
| 21:05 | Research | Gold Mining |
| 21:55 | Create | Villager (Male) |
| 21:56 | Age | Castle Age |
| 21:59 | Create | Knight |
| 22:02 | Build | Farm |
| 22:09 | Build | Lumber Camp |
| 22:13 | Research | Crossbowman (upgrade) |
| 22:20 | Build | Farm |
| 22:23 | Create | Villager (Male) |
| 22:34 | Create | Knight |
| 22:48 | Build | Palisade Wall |
| 22:49 | Build | Palisade Wall |
| 22:53 | Create | Villager (Male) |
| 22:55 | Create | Knight |
| 22:55 | Create | Knight |
| 23:00 | Create | Villager (Male) |
| 23:03 | Create | Villager (Male) |
| 23:03 | Create | Villager (Male) |
| 23:17 | Create | Villager (Male) |
| 23:17 | Create | Villager (Male) |
| 23:18 | Create | Villager (Male) |
| 23:21 | Create | Villager (Male) |
| 23:21 | Create | Villager (Male) |
| 23:23 | Create | Villager (Male) |
| 23:27 | Create | Villager (Male) |
| 23:31 | Create | Villager (Male) |
| 23:33 | Create | Villager (Male) |
| 23:37 | Research | Heavy Plow |
| 23:41 | Create | Archer |
| 23:42 | Create | Archer |
| 23:50 | Create | Villager (Male) |
| 23:59 | Create | Knight |
Match timeline
| 4:48 | chandu champion · first_building Barracks |
| 8:46 | cornonjakobe · first_building Barracks |
| 9:59 | cornonjakobe · age_up feudal |
| 10:24 | cornonjakobe · first_building Archery Range |
| 10:36 | chandu champion · wall_segment Palisade Wall x2 |
| 10:38 | chandu champion · wall_segment Palisade Wall x6 |
| 10:54 | cornonjakobe · wall_segment Palisade Wall x1 |
| 10:57 | cornonjakobe · wall_segment Palisade Wall x1 |
| 10:59 | cornonjakobe · wall_segment Palisade Wall x1 |
| 11:12 | chandu champion · age_up feudal |
| 11:24 | chandu champion · wall_segment Palisade Wall x8 |
| 11:27 | cornonjakobe · wall_segment Palisade Wall x1 |
| 11:29 | cornonjakobe · wall_segment Palisade Wall x1 |
| 11:43 | chandu champion · wall_segment Palisade Wall x1 |
| 12:09 | chandu champion · wall_segment Palisade Wall x11 |
| 12:20 | chandu champion · wall_segment Palisade Wall x1 |
| 12:53 | chandu champion · wall_segment Palisade Wall x7 |
| 13:01 | chandu champion · wall_segment Palisade Wall x8 |
| 13:30 | chandu champion · first_building Archery Range |
| 13:57 | cornonjakobe · first_building Stable |
| 16:04 | chandu champion · wall_segment Palisade Wall x1 |
| 16:06 | chandu champion · wall_segment Palisade Wall x1 |
| 18:03 | cornonjakobe · wall_segment Palisade Wall x10 |
| 18:23 | cornonjakobe · wall_segment Palisade Wall x3 |
| 19:01 | cornonjakobe · wall_segment Palisade Wall x5 |
| 20:44 | cornonjakobe · wall_segment Palisade Wall x7 |
| 20:49 | chandu champion · age_up castle |
| 21:56 | cornonjakobe · age_up castle |
| 22:48 | cornonjakobe · wall_segment Palisade Wall x1 |
| 22:49 | cornonjakobe · wall_segment Palisade Wall x2 |
| 24:04 | cornonjakobe · first_building Monastery |
| 27:45 | chandu champion · first_building Monastery |
| 29:57 | cornonjakobe · wall_segment Palisade Wall x1 |
| 29:58 | cornonjakobe · wall_segment Palisade Wall x1 |
| 30:01 | cornonjakobe · wall_segment Palisade Wall x1 |
| 30:02 | cornonjakobe · wall_segment Palisade Wall x1 |
| 30:05 | cornonjakobe · wall_segment Palisade Wall x1 |
| 32:07 | cornonjakobe · first_building Siege Workshop |
| 33:44 | chandu champion · first_building Castle |
| 37:33 | chandu champion · age_up imperial |
| 37:36 | cornonjakobe · age_up imperial |
| 39:11 | cornonjakobe · first_building Castle |
| 39:58 | chandu champion · first_market_buy 100 food |
| 40:50 | chandu champion · first_market_sell 500 wood |
| 41:27 | chandu champion · wall_segment Palisade Wall x12 |
| 42:44 | chandu champion · wall_segment Palisade Wall x1 |
| 45:34 | cornonjakobe · first_market_buy 100 wood |
| 54:56 | cornonjakobe · wall_segment Palisade Wall x1 |
| 64:54 | cornonjakobe · first_market_sell 500 food |
| 67:02 | chandu champion · wall_segment Palisade Wall x16 |
| 73:15 | cornonjakobe · resign |
[ AI ANALYSIS · 1 CREDIT ]
What really happened in this match?
Wolo.gg analyzes every decision: build order, eco, micro, common mistakes by bracket. Personalized analysis on WhatsApp or Discord in 30 seconds.
Civ guide
Maya
Perfil
Jugador #974876